 Dungeon Crawl Stone Soup version 0.31-a0-208-gdb31a4691d (webtiles) character file.

Game seed: 3505051586024733069

45855 zazu2006 the Nimble (level 14, -4/109 HPs)
             Began as a Gnoll Wanderer on June 28, 2023.
             Was a High Priest of Vehumet.
             Slain by a red ugly thing (25 damage)
             ... on level 14 of the Dungeon.
             The game lasted 00:48:37 (20198 turns).

zazu2006 the Nimble (Gnoll Wanderer)               Turns: 20198, Time: 00:48:37

Health: -4/109     AC: 12    Str: 11    XL:     14   Next: 34%
Magic:  22/27      EV: 20    Int: 17    God:    Vehumet [*****.]
Gold:   2333       SH:  0    Dex: 22    Spells: 20/32 levels left

rFire   x . .        S - +10 hand axe "Impbane" {heavy, rElec Int+3 Dex+2 SInv}
rCold   . . .        (no shield)
rNeg    . . .        h - +0 acid dragon scales
rPois   +            n - +0 helmet
rElec   +            D - scarf "Puoliseo" {+Inv, Rampage rF- Dex+5 Slay+3}
rCorr   +            H - +0 pair of gloves
SInv    +            c - +0 pair of boots
Will    +....        (no amulet)
Stlth   ++++         i - +4 ring of slaying
HPRegen 0.38/turn    t - ring of poison resistance
MPRegen 0.20/turn

%: rampage
@: no status effects
A: fangs 1, strong nose, distributed training
a: Renounce Religion, Evoke Invisibility


You were on level 14 of the Dungeon.
You worshipped Vehumet.
Vehumet was extremely pleased with you.
You visited 3 branches of the dungeon, and saw 20 of its levels.
You also visited: Bailey.

You collected 2580 gold pieces.
You spent 247 gold pieces at shops.

Inventory:

Hand Weapons
 a - a +3 falchion
 L - the +4 quarterstaff of Terra Cotta {vamp, rC+ MP+9}
   (You found it on level 8 of the Dungeon)

   rC:        It protects you from cold.
   MP:        It affects your magic capacity (+9).
 S - the +10 hand axe "Impbane" (weapon) {heavy, rElec Int+3 Dex+2 SInv}
   (You found it in a bailey)

   Int:       It affects your intelligence (+3).
   Dex:       It affects your dexterity (+2).
   rElec:     It insulates you from electricity.
   SInv:      It lets you see invisible.
Missiles
 v - 38 poisoned darts
Armour
 c - a +0 pair of boots (worn)
 h - +0 acid dragon scales (worn)
 n - a +0 helmet (worn)
 w - the +15 Maxwell's patent armour {-Cast -Tele rElec Will+ rCorr}
   (You took it off an orc on level 5 of the Dungeon)

   rElec:     It insulates you from electricity.
   -Cast:     It prevents spellcasting.
   -Tele:     It prevents most forms of teleportation.
   rCorr:     It protects you from acid and corrosion.
   Will:      It increases your willpower.
 D - the scarf "Puoliseo" (worn) {+Inv, Rampage rF- Dex+5 Slay+3}
   (You acquired it in a bailey)

   Dex:       It affects your dexterity (+5).
   Slay:      It affects your accuracy & damage with ranged weapons and melee
   (+3).
   rF:        It makes you vulnerable to fire.
   Rampage:   It bestows one free step when moving towards enemies.
 H - a +0 pair of gloves (worn)
 R - a +0 troll leather armour
Jewellery
 i - a +4 ring of slaying (left hand)
 l - a +6 ring of dexterity
 t - a ring of poison resistance (right hand)
 F - an amulet of magic regeneration
 G - a ring of protection from cold
 J - an amulet of the acrobat
 N - a ring of protection from cold
 P - a ring of ice
Wands
 q - a wand of roots (35)
 A - a wand of charming (14)
 B - a wand of light (1)
 K - a wand of digging (4)
 M - a wand of polymorph (6)
Scrolls
 b - 3 scrolls of blinking {unknown}
 j - 7 scrolls of teleportation
 k - 8 scrolls of noise
 o - 2 scrolls of enchant armour
 r - 5 scrolls of immolation
 u - 7 scrolls of poison
 x - a scroll of silence {unknown}
 y - 2 scrolls of fog {unknown}
 C - a scroll of fear
 E - a scroll of torment {unknown}
 Q - a scroll of revelation {unknown}
 W - a scroll of enchant weapon
 X - a scroll of amnesia
Potions
 d - 2 potions of cancellation {unknown}
 e - 3 potions of brilliance
 f - 2 potions of heal wounds
 g - a potion of haste
 m - 3 potions of mutation {unknown}
 p - 8 potions of curing
 s - 2 potions of lignification {unknown}
 z - 3 potions of attraction
 I - a potion of resistance {unknown}
 O - 5 potions of might {unknown}
 T - 2 potions of magic {unknown}
 U - 3 potions of enlightenment {unknown}
 V - a potion of invisibility


   Skills:
 + Level 9.9 Fighting
 + Level 10.5 Short Blades
 + Level 11.5 Long Blades
 + Level 9.5 Axes
 + Level 9.5 Maces & Flails
 + Level 9.5 Polearms
 + Level 9.5 Staves
 + Level 9.5 Ranged Weapons
 + Level 9.5 Throwing
 + Level 9.5 Armour
 + Level 12.6 Dodging
 + Level 9.5 Stealth
 + Level 9.5 Shields
 + Level 9.5 Unarmed Combat
 + Level 9.5 Spellcasting
 + Level 7.9 Conjurations
 + Level 7.9 Hexes
 + Level 7.9 Summonings
 + Level 7.9 Necromancy
 + Level 7.9 Translocations
 + Level 7.9 Transmutations
 + Level 7.9 Fire Magic
 + Level 7.9 Ice Magic
 + Level 7.9 Air Magic
 + Level 7.9 Earth Magic
 + Level 7.9 Poison Magic
 + Level 10.3 Invocations
 + Level 9.5 Evocations


You had 20 spell levels left.
You knew the following spells:

 Your Spells              Type           Power      Damage    Failure   Level
a - Magic Dart            Conj           100%       1d8       1%          1
b - Mephitic Cloud        Conj/Pois/Air  35%        N/A       1%          3
c - Olgreb's Toxic Radia  Pois           35%        N/A       1%          4
d - Sticky Flame          Conj/Fire      35%        2d5       1%          4

Your spell library contained the following spells:

 Spells                   Type           Power      Damage    Failure   Level
 Yara's Violent Unravell  Hex/Tmut       17%        3d8       4%          5
 Sting                    Tmut/Pois      100%       1d8       1%          1
 Summon Small Mammal      Summ           100%       N/A       1%          1
 Blink                    Tloc           70%        N/A       1%          2
 Call Imp                 Summ           70%        N/A       1%          2
 Cigotuvi's Dreadful Rot  Necr/Pois/Air  70%        N/A       1%          2
 Ensorcelled Hibernation  Hex/Ice        70%        N/A       1%          2
 Lesser Beckoning         Tloc           70%        N/A       1%          2
 Momentum Strike          Conj/Tloc      70%        3d9       1%          2
 Passwall                 Tmut/Erth      29%        N/A       1%          2
 Poisonous Vapours        Pois/Air       70%        N/A       1%          2
 Call Canine Familiar     Summ           35%        N/A       1%          3
 Gell's Gravitas          Tloc           35%        N/A       1%          3
 Ignite Poison            Fire/Tmut/Pois 35%        N/A       1%          3
 Portal Projectile        Hex/Tloc       70%        N/A       1%          3
 Summon Guardian Golem    Hex/Summ       35%        N/A       1%          3
 Swiftness                Air            35%        N/A       1%          3
 Teleport Other           Tloc           35%        N/A       1%          3
 Tukima's Dance           Hex            35%        N/A       1%          3
 Freezing Cloud           Conj/Ice/Air   17%        6-21      4%          5
 Iskenderun's Battlesphe  Conj           35%        2d9       4%          5
 Blade Hands              Tmut           17%        N/A       14%         5
 Leda's Unmaking          Conj/Erth      17%        9d4       19%         6
 Dispersal                Tloc           17%        N/A       58%         6
 Spellforged Servitor     Conj/Summ      17%        N/A       67%         7


Dungeon Overview and Level Annotations

Branches:
Dungeon (14/15)            Temple (1/1) D:6            Lair (5/5) D:10
 Shoals (0/4) Lair:3        Snake (0/4) Lair:2          Orc (0/2) D:10
 Vaults (0/5) D:13         Bailey (visited)
  Slime: Lair:4-5

Altars:
Ashenzari
Cheibriados
Dithmenos
Elyvilon
Fedhas
Gozag
Hepliaklqana
Kikubaaqudgha
Makhleb
Nemelex Xobeh
Okawaru
Qazlal
Ru
Sif Muna
Trog
Uskayaw
Vehumet
Wu Jian
Xom
Yredelemnul
Zin
The Shining One

Shops:
D:2 =(   D:6 (   D:10 ([[[

Annotations:
D:3 1 runed translucent door, Crazy Yiuf


Innate Abilities, Weirdness & Mutations

You have very sharp teeth.
Your uncanny sense of smell can sniff out nearby items.
Your experience applies equally to all skills.


Message History

You bite the red ugly thing, but do no damage.
The red ugly thing is moderately wounded.
You hit the red ugly thing.
The red ugly thing is engulfed in noxious fumes.
The red ugly thing tail-slaps you!
You are engulfed in flames!!
The fire burns you terribly!
The red ugly thing is engulfed in noxious fumes. x2
The red ugly thing barely misses you.
The red ugly thing is engulfed in noxious fumes.
Casting: Mephitic Cloud (safe; 1% risk of failure)
Confirm with . or Enter, or press ? or * to list all spells.
Aiming: Mephitic Cloud (safe; 1% risk of failure)
Press: ? - help, Shift-Dir - straight line, f - red ugly thing, p - red ugly thing
Aim: a red ugly thing (noxious fumes, moderately wounded, chance to affect: 43%)
The ball explodes into a vile cloud!
The stinking cloud engulfs the red ugly thing but does no damage.
The red ugly thing is moderately wounded.
The stinking cloud engulfs the red ugly thing but does no damage.
The red ugly thing is lightly wounded.
The stinking cloud engulfs you but does no damage.
The red ugly thing is engulfed in noxious fumes.
The red ugly thing misses you.
The red ugly thing is engulfed in noxious fumes.
The red ugly thing tail-slaps you!
* * * LOW HITPOINT WARNING * * *
You are engulfed in flames!!
The fire burns you terribly!
* * * LOW HITPOINT WARNING * * *
Unknown command.
The red ugly thing is engulfed in noxious fumes. x2
The red ugly thing engulfs the red ugly thing!
The red ugly thing is engulfed in flames.
The red ugly thing resists.
You feel much better.
The red ugly thing is engulfed in noxious fumes.
The red ugly thing appears confused.
The red ugly thing is engulfed in noxious fumes.
The red ugly thing seems less confused.
The red ugly thing engulfs you!
* * * LOW HITPOINT WARNING * * *
You are engulfed in flames!!
The fire burns you terribly!
You die...

........#.......####......#......
.##.#####.......# #.)....#..##.#
###.# #....##'### #......#..##.#
####. #....#...# #......#......
...#..#....#...#####......#......
...#..#....#...#..........#####..
...#..#....#...#..u...........#..
...#####...#...#..............#..
≈......# #...#@u..######....#..
.≈.....# #...#.°..# #....###
..≈....# #...#○...# #.....[.
#+#≈#'######...#....# +.......
....≈......#...#....# #.......
.....≈.....#...#....# #.......
......≈....#...#...># #####...
####...#####...#....# #...
.#.#...#.......'....# +...


You could see 2 ugly things.

Vanquished Creatures
  Kirke (Lair:3)
  An orc warlord (Bailey)
  Snorg (Lair:4)
  An ettin (D:11)
  3 hydras
  2 centaur warriors (D:11)
  A death knight (D:11)
  2 two-headed ogres
  3 boulder beetles
  2 tengu warriors (D:11)
  Sonja (D:11)
  Nergalle (D:11)
  4 skeletal warriors
  A glowing orange brain (shapeshifter) (D:13)
  A harpy (shapeshifter) (D:13)
  An orc knight (D:12)
  5 deep elf pyromancers
  2 ugly things (D:13)
  2 oklob plants
  3 cyclopes (D:11)
  2 merfolk sirens (Lair:3)
  3 black mambas
  A gargoyle (D:12)
  A kobold demonologist (D:12)
  2 cane toads
  6 rime drakes
  4 komodo dragons
  2 merfolk (Lair:3)
  3 meliai (D:13)
  4 trolls
  A hornet (D:8)
  8 blink frogs
  A meliai (shapeshifter) (D:13)
  6 dream sheep (Lair:4)
  11 slime creatures
  4 wraiths
  3 wyverns
  3 shadows
  A vampire (D:12)
  2 basilisks
  2 hogs (Lair:3)
  20 yaks
  3 steam dragons
  3 vampire mosquitoes (D:12)
  A naga (Lair:2)
  3 acid dragons
  9 water moccasins
  A hell hound (Lair:5)
  9 orc warriors
  2 ice beasts
  2 sky beasts
  4 black bears
  5 ogres
  7 centaurs
  4 kobold brigands
  12 bullfrogs
  3 gnoll sergeants
  5 scorpions
  4 wights (D:9)
  4 howler monkeys
  6 orc priests
  9 hounds
  2 sleepcaps
  4 iguanas
  Ijyb (D:3)
  11 orc wizards
  19 gnolls
  4 adders
  A shadow imp (D:8)
  An ufetubus (D:6)
  2 worms
  4 dart slugs
  54 orcs
  9 endoplasms
  5 giant cockroaches
  10 goblins
  7 hobgoblins
  2 quokkas
  3 ball pythons
  3 bats
  6 frilled lizards
  37 kobolds
  9 rats
418 creatures vanquished.

Vanquished Creatures (others)
  A black mamba (Lair:3)
  A human (Lair:3)
2 creatures vanquished.

Grand Total: 420 creatures vanquished

Notes
Turn   | Place    | Note
-------+----------+-------------------------------------------
     0 | D:1      | zazu2006 the Gnoll Wanderer began the quest for the Orb.
     0 | D:1      | zazu2006 set off with the following items: a +2 falchion, a
                  | +0 short sword, a +0 pair of boots, a potion of
                  | invisibility, a +0 leather armour.
     0 | D:1      | Reached XP level 1. HP: 17/17 MP: 1/1
    92 | D:1      | Reached XP level 2. HP: 20/23 MP: 2/2
   318 | D:1      | Reached XP level 3. HP: 28/28 MP: 3/3
   532 | D:2      | Reached skill level 1 in Invocations
   741 | D:2      | Found Dumn's Weapon Shop.
   754 | D:2      | Reached skill level 1 in Axes
   754 | D:2      | Reached skill level 1 in Maces & Flails
   754 | D:2      | Reached skill level 1 in Polearms
   754 | D:2      | Reached skill level 1 in Staves
   754 | D:2      | Reached skill level 1 in Ranged Weapons
   754 | D:2      | Reached skill level 1 in Throwing
   754 | D:2      | Reached skill level 1 in Armour
   754 | D:2      | Reached skill level 1 in Stealth
   754 | D:2      | Reached skill level 1 in Shields
   754 | D:2      | Reached skill level 1 in Unarmed Combat
   754 | D:2      | Reached skill level 1 in Spellcasting
   754 | D:2      | Reached skill level 1 in Evocations
   838 | D:2      | Found Towuir's Jewellery Shop.
   976 | D:2      | Found a faded altar of an unknown god.
  1223 | D:3      | Reached XP level 4. HP: 34/34 MP: 5/5
  1521 | D:3      | Found a runed translucent door.
  1522 | D:3      | Noticed Crazy Yiuf
  1551 | D:3      | Noticed Ijyb
  1556 | D:3      | Killed Ijyb
  1557 | D:3      | Reached skill level 1 in Conjurations
  1557 | D:3      | Reached skill level 1 in Hexes
  1557 | D:3      | Reached skill level 1 in Summonings
  1557 | D:3      | Reached skill level 1 in Necromancy
  1557 | D:3      | Reached skill level 1 in Translocations
  1557 | D:3      | Reached skill level 1 in Transmutations
  1557 | D:3      | Reached skill level 1 in Fire Magic
  1557 | D:3      | Reached skill level 1 in Ice Magic
  1557 | D:3      | Reached skill level 1 in Air Magic
  1557 | D:3      | Reached skill level 1 in Earth Magic
  1557 | D:3      | Reached skill level 1 in Poison Magic
  1825 | D:3      | Found an ornate altar of the Wu Jian Council.
  2186 | D:4      | Noticed a black bear
  2193 | D:4      | Killed a black bear
  2194 | D:4      | Reached XP level 5. HP: 36/41 MP: 7/7
  2395 | D:4      | Found a sparkling altar of Nemelex Xobeh.
  2437 | D:4      | Reached XP level 6. HP: 47/47 MP: 8/8
  2450 | D:4      | Reached skill level 5 in Short Blades
  2621 | D:4      | Found Tipnau Zuer's General Store.
  2837 | D:4      | Reached XP level 7. HP: 52/52 MP: 10/10
  3248 | D:4      | Found a glowing silver altar of Zin.
  3248 | D:4      | Found an opulent altar of Gozag.
  3415 | D:5      | Entered Level 5 of the Dungeon
  3431 | D:5      | Found a sacrificial altar of Ru.
  3553 | D:5      | Reached skill level 9 in Dodging
  3654 | D:5      | Learned a level 1 spell: Magic Dart
  3901 | D:5      | Identified the +5 dagger "Sooc" {drain, *Rage Will+ Dex+7}
  4276 | D:6      | Found the Hermit's Pendant {Faith Invo=14 Evo=0 MP+5}
  4295 | D:6      | Reached XP level 8. HP: 60/60 MP: 12/12
  4312 | D:6      | Found Inkihoof's Antique Weapon Boutique.
  4358 | D:6      | Found a staircase to the Ecumenical Temple.
  4385 | Temple   | Entered the Ecumenical Temple
  4390 | Temple   | Became a worshipper of Vehumet
  4952 | D:7      | Reached XP level 9. HP: 65/66 MP: 14/14
  5006 | D:7      | Identified the +3 plate armour of the Everdark {rF+}
  5258 | D:7      | Reached skill level 5 in Fighting
  5382 | D:7      | Reached * piety under Vehumet
  5382 | D:7      | Offered knowledge of Freeze by Vehumet.
  6056 | D:8      | Noticed a hornet
  6065 | D:8      | Killed a hornet
  6066 | D:8      | Reached skill level 5 in Invocations
  6109 | D:8      | Identified the +4 quarterstaff of Terra Cotta {vamp, rC+
                  | MP+9}
  6255 | D:8      | Found a white marble altar of Elyvilon.
  6588 | D:8      | Reached skill level 5 in Axes
  6588 | D:8      | Reached skill level 5 in Maces & Flails
  6588 | D:8      | Reached skill level 5 in Polearms
  6588 | D:8      | Reached skill level 5 in Staves
  6588 | D:8      | Reached skill level 5 in Ranged Weapons
  6588 | D:8      | Reached skill level 5 in Throwing
  6588 | D:8      | Reached skill level 5 in Armour
  6588 | D:8      | Reached skill level 5 in Stealth
  6588 | D:8      | Reached skill level 5 in Shields
  6588 | D:8      | Reached skill level 5 in Unarmed Combat
  6588 | D:8      | Reached skill level 5 in Spellcasting
  6588 | D:8      | Reached skill level 5 in Evocations
  6588 | D:8      | Reached XP level 10. HP: 63/76 MP: 17/17
  6597 | D:8      | Reached skill level 10 in Dodging
  6744 | D:9      | Found a bloodstained altar of Trog.
  6962 | D:9      | Found a flagged portal.
  6980 | Bailey   | Entered a bailey
  7005 | Bailey   | Noticed an orc warlord
  7013 | Bailey   | Reached ** piety under Vehumet
  7027 | Bailey   | Offered knowledge of Shock by Vehumet.
  7156 | Bailey   | Found a runed translucent gate.
  7156 | Bailey   | Found a runed translucent gate.
  7161 | Bailey   | Found a runed translucent gate.
  7244 | Bailey   | Learned a level 3 spell: Mephitic Cloud
  7249 | Bailey   | Learned a level 4 spell: Olgreb's Toxic Radiance
  7304 | Bailey   | Acquired 413 gold pieces
  7306 | Bailey   | Acquired the scarf "Puoliseo" {+Inv, Rampage rF- Dex+5
                  | Slay+3}
  7350 | Bailey   | Killed an orc warlord
  7358 | Bailey   | Identified the +10 hand axe "Impbane" {heavy, rElec Int+3
                  | Dex+2 SInv}
  7649 | D:9      | Found a runed translucent door.
  7665 | D:9      | Offered knowledge of Stone Arrow by Vehumet.
  8096 | D:9      | Found a hide-covered altar of Uskayaw.
  8096 | D:9      | Found a faded altar of an unknown god.
  8105 | D:9      | Found a snail-covered altar of Cheibriados.
  8107 | D:9      | Found a burning altar of Makhleb.
  8109 | D:9      | Found an ancient bone altar of Kikubaaqudgha.
  8271 | D:9      | Reached *** piety under Vehumet
  8273 | D:9      | Reached skill level 5 in Conjurations
  8273 | D:9      | Reached skill level 5 in Hexes
  8273 | D:9      | Reached skill level 5 in Summonings
  8273 | D:9      | Reached skill level 5 in Necromancy
  8273 | D:9      | Reached skill level 5 in Translocations
  8273 | D:9      | Reached skill level 5 in Transmutations
  8273 | D:9      | Reached skill level 5 in Fire Magic
  8273 | D:9      | Reached skill level 5 in Ice Magic
  8273 | D:9      | Reached skill level 5 in Air Magic
  8273 | D:9      | Reached skill level 5 in Earth Magic
  8273 | D:9      | Reached skill level 5 in Poison Magic
  8278 | D:9      | Reached XP level 11. HP: 44/83 MP: 20/20
  8505 | D:10     | Entered Level 10 of the Dungeon
  8506 | D:10     | Found Ylilo's Antique Weapon Shop.
  8507 | D:10     | Found a blossoming altar of Fedhas.
  8604 | D:10     | Found Ovopnus's Armour Shoppe.
  8777 | D:10     | Found Kievud's Armour Shoppe.
  8877 | D:10     | Found a staircase to the Orcish Mines.
  8945 | D:10     | Noticed an oklob plant
  8948 | D:10     | Found a staircase to the Lair.
  8960 | D:10     | Killed an oklob plant
  9067 | D:10     | Offered knowledge of Fulminant Prism by Vehumet.
  9182 | D:10     | Found Giavid's Antique Armour Emporium.
  9186 | D:10     | Bought a faintly humming helmet for 247 gold pieces
  9186 | D:10     | Identified the +0 helmet of the Gastropod {rCorr Str+5
                  | Dex-5} (You bought it in a shop on level 10 of the Dungeon)
  9374 | D:10     | Acquired 765 gold pieces
  9404 | Lair:1   | Entered Level 1 of the Lair of Beasts
  9765 | Lair:1   | Identified the +0 leather armour of the Solemn God {Regen+
                  | Str+2}
 10242 | Lair:1   | Noticed an oklob plant
 10261 | Lair:1   | Killed an oklob plant
 10543 | Lair:2   | Found a staircase to the Snake Pit.
 10689 | Lair:2   | Reached skill level 11 in Dodging
 10727 | Lair:2   | Reached **** piety under Vehumet
 11348 | Lair:3   | Found a staircase to the Shoals.
 11363 | Lair:3   | Reached XP level 12. HP: 52/91 MP: 22/22
 11729 | Lair:3   | Noticed a seven-headed hydra
 11738 | Lair:3   | Noticed a boulder beetle
 11740 | Lair:3   | Killed a seven-headed hydra
 11757 | Lair:3   | Killed a boulder beetle
 11781 | Lair:3   | Noticed Kirke
 12089 | Lair:3   | Killed Kirke
 12090 | Lair:3   | Reached skill level 10 in Long Blades
 12200 | Lair:3   | Noticed a six-headed hydra
 12213 | Lair:3   | Killed a six-headed hydra
 12529 | Lair:4   | Offered knowledge of Sticky Flame by Vehumet.
 12573 | Lair:4   | Noticed a seven-headed hydra
 12582 | Lair:4   | Learned a level 4 spell: Sticky Flame
 12721 | Lair:4   | Killed a seven-headed hydra
 12896 | Lair:4   | Noticed Snorg
 12913 | Lair:4   | Killed Snorg
 13409 | Lair:5   | Entered Level 5 of the Lair of Beasts
 13465 | Lair:5   | Reached XP level 13. HP: 39/99 MP: 25/25
 14133 | D:11     | Reached ***** piety under Vehumet
 14274 | D:11     | Offered knowledge of Yara's Violent Unravelling by Vehumet.
 14276 | D:11     | HP: 3/100 [cyclops (27)]
 14282 | D:11     | Noticed an ettin
 14282 | D:11     | Noticed Nergalle
 14488 | D:11     | Reached skill level 12 in Dodging
 14596 | D:11     | Killed an ettin
 14676 | D:11     | Killed Nergalle
 15168 | D:11     | Noticed Sonja
 15184 | D:11     | Killed Sonja
 15297 | D:12     | Reached skill level 10 in Short Blades
 17383 | D:13     | Reached XP level 14. HP: 80/108 MP: 24/27
 17384 | D:13     | Reached skill level 10 in Invocations
 18643 | D:13     | Found a gate to the Vaults.
 20198 | D:14     | Slain by a red ugly thing

Illustrated notes

Levels and vault maps discovered:
D:1:      minmay_arrival_checkered_box, layout_rooms
D:2:      layout_basic, dreamdust_ecumenical_altar_angels_and_demons,
          serial_shops, nicolae_shop_tiny_statue_garden,
          nicolae_shop_gibbet_a_chance
D:3:      layout_loops_corners, lemuel_coloured_pillars_altar, uniq_ijyb,
          uniq_crazy_yiuf_cottage
D:4:      layout_basic, grunt_temple_overflow_gold_and_silver,
          nemelex_dance_club_becter, serial_shops, shop
D:5:      layout_loops_ring, mainiacjoe_overflow_chevrons,
          nicolae_concentric_dashed_squares_mild
D:6:      layout_basic, minmay_temple_entry_offerings, serial_shops,
          nicolae_shop_hallway_stairs
D:7:      layout_loops_ring
D:8:      layout_rooms, elyvilon_altar_5, grunt_ministairs_5, uniq_maurice
D:9:      layout_basic, lemuel_crystal_altar,
          chequers_temple_overflow_minitemple, serial_corexii_hall,
          corexii_hall_statues_s, corexii_hall_statues_l, enter_bailey_3,
          minmay_misc_feat_doors, abandoned_shop, corner_web_ring,
          chequers_serial_rivers_small_a, minmay_crystal_room,
          supply_closet_lemuel, lightli_church_of_beogh
D:10:     layout_loops_cross, fedhas_bush_and_centaur_altar, dpeg_oklobed_lair,
          orc_0_dummy, serial_shops, shop, shop, shop, nicolae_square_shop,
          corexii_leaking_fountain, chequers_serial_rivers_micro_a
D:11:     layout_rooms, minmay_evil_grid, uniq_sonja, uniq_nergalle
D:12:     layout_loops_cross
D:13:     layout_loops_corners, david_vaults_2, special_room [special_room_orc]
D:14:     layout_gridville, hangedman_abyss_or_decor_clamps
Temple:   hellmonk_temple_micro_hex
Lair:1:   layout_chaotic_city, minmay_lair_oklob_items
Lair:2:   layout_concentric_octagons, guppyfry_snake_entry_island
Lair:3:   layout_roguey, elwin_shoals_entry_stream,
          cheibrodos_lair_caveside_slide, grunt_megastairs_1, uniq_kirke
Lair:4:   layout_small_grid, uniq_snorg
Lair:5:   evil_forest, layout_cellular_growth, minmay_slime_entry_pillars,
          serial_bayou, serial_bayou_lagoon_b, serial_bayou_shore_b,
          serial_bayou_shore_b, serial_bayou_pond_d, lemuel_fruit_fields

Skill      XL: |  1  2  3  4  5  6  7  8  9 10 11 12 13 14 |
---------------+-------------------------------------------+-----
Invocations    | 1 2 3 4 5 6 7 8 9 10 | 10.3
Axes           | 1 2 3 5 6 7 8 9 |  9.5
Maces & Flails | 1 2 3 5 6 7 8 9 |  9.5
Polearms       | 1 2 3 5 6 7 8 9 |  9.5
Staves         | 1 2 3 5 6 7 8 9 |  9.5
Ranged Weapons | 1 2 3 5 6 7 8 9 |  9.5
Throwing       | 1 2 3 5 6 7 8 9 |  9.5
Armour         | 1 2 3 5 6 7 8 9 |  9.5
Stealth        | 1 2 3 5 6 7 8 9 |  9.5
Shields        | 1 2 3 5 6 7 8 9 |  9.5
Unarmed Combat | 1 2 3 5 6 7 8 9 |  9.5
Spellcasting   | 1 2 3 5 6 7 8 9 |  9.5
Evocations     | 1 2 3 5 6 7 8 9 |  9.5
Conjurations   | 1 2 3 4 5 6 7 |  7.9
Hexes          | 1 2 3 4 5 6 7 |  7.9
Summonings     | 1 2 3 4 5 6 7 |  7.9
Necromancy     | 1 2 3 4 5 6 7 |  7.9
Translocations | 1 2 3 4 5 6 7 |  7.9
Transmutations | 1 2 3 4 5 6 7 |  7.9
Fire Magic     | 1 2 3 4 5 6 7 |  7.9
Ice Magic      | 1 2 3 4 5 6 7 |  7.9
Air Magic      | 1 2 3 4 5 6 7 |  7.9
Earth Magic    | 1 2 3 4 5 6 7 |  7.9
Poison Magic   | 1 2 3 4 5 6 7 |  7.9
Fighting       | 3 4 5 6 7 8 9 |  9.9
Short Blades   | 5 6 7 8 9 10 | 10.5
Long Blades    | 7 8 9 10 11 | 11.5
Dodging        | 9 10 11 12 | 12.6

Action                     |  1- 3 |  4- 6 |  7- 9 | 10-12 | 13-15 || total
---------------------------+-------+-------+-------+-------+-------++-------
  Melee: Falchion          |    81 |    84 |   358 |   125 |       ||   648
         Bite              |     4 |     6 |    42 |    57 |    51 ||   160
         Punch             |     3 |     2 |    11 |    29 |    29 ||    74
         Hand axe          |       |       |       |   289 |   352 ||   641
         Quarterstaff      |       |       |       |    35 |       ||    35
   Cast: Mephitic Cloud    |       |       |       |     9 |    38 ||    47
         Olgreb's Toxic Ra |       |       |       |     1 |       ||     1
         Magic Dart        |       |       |       |     5 |     5 ||    10
  Evoke: Wand              |       |     1 |     1 |    12 |     4 ||    18
    Use: Scroll            |       |       |       |    14 |     4 ||    18
         Potion            |       |       |       |     5 |     4 ||     9
   Stab: Sleeping          |       |     2 |     1 |     5 |     8 ||    16
         Confused          |       |       |       |    10 |    33 ||    43
         Distracted        |       |       |       |       |     2 ||     2
 Armour: Leather armour    |    19 |     5 |    10 |       |       ||    34
         Plate armour      |       |       |   304 |   365 |    43 ||   712
         Troll leather arm |       |       |       |    43 |     3 ||    46
         Acid dragon scale |       |       |       |       |    56 ||    56
  Dodge: Dodged            |    54 |    39 |   107 |   274 |   301 ||   775

Table legend: (Time is in decaauts)
 A = Elapsed time spent in this place.
 B = Non-inter-level travel time spent in this place.
 C = Inter-level travel time spent in this place.
 D = Time resting spent in this place.
 E = Time spent auto-exploring this place.
 F = Levels seen in this place.
 G = Mean time per level.
                   A        B        C        D        E       F      G
               +--------+--------+--------+--------+--------+-----+--------+
         Total |  20420 |  19712 |    708 |   1938 |  13543 |  21 |  972.4 |
       Dungeon |  15344 |  14944 |    400 |   1754 |  10122 |  14 | 1096.0 |
        Temple |     12 |     12 |      0 |      0 |      0 |   1 |   12.0 |
          Lair |   4558 |   4251 |    307 |    147 |   3288 |   5 |  911.6 |
        Bailey |    504 |    504 |      0 |     37 |    133 |   1 |  504.0 |
               +--------+--------+--------+--------+--------+-----+--------+

Top non-repeatable levels by time:
    D:13: 2419 daAuts
    D:12: 1941 daAuts
    D:11: 1417 daAuts
     D:9: 1357 daAuts
     D:4: 1269 daAuts
  Lair:1: 1184 daAuts
     D:3: 1120 daAuts
  Lair:3: 1104 daAuts
     D:7: 1087 daAuts
  Lair:2: 1044 daAuts
    D:10: 956 daAuts
  Lair:4: 814 daAuts
     D:8: 764 daAuts
     D:5: 764 daAuts
    D:14: 636 daAuts
